 Dungeon Crawl Stone Soup version 0.21-a0-185-g3a6ed1e (console) character file.

180 utis the Sneak (level 5, 21/21 HPs)
             Began as a Felid Earth Elementalist on Aug 11, 2017.
             Quit the game on level 3 of the Dungeon on Aug 12, 2017.
             The game lasted 00:12:35 (5270 turns).

utis the Sneak (Felid Earth Elementalist)           Turns: 5270, Time: 00:12:36

Health: 21/21      AC:  1    Str:  5    XL:     5   Next: 33%
Magic:  9/9        EV: 18    Int: 16    God:
Gold:   127        SH:  0    Dex: 17    Spells: 5/8 levels left
                                        Lives:  1   Deaths: 0

rFire    . . .     SeeInvis +     - Unarmed
rCold    . . .     Gourm    .   (shield unavailable)
rNeg     . . .     Faith    .   (armour unavailable)
rPois    .         Spirit   .   (helmet unavailable)
rElec    .         Reflect  .   (cloak unavailable)
rCorr    .         Harm     .   (gloves unavailable)
MR       .....                  (boots unavailable)
Stlth    +++.......             (no amulet)
HPRegen  0.07/turn              (no ring)
MPRegen  0.11/turn              (no ring)

@: quick
A: no armour, no weapons or thrown items, stealth, claws 1, fangs 3, see
invisible, carnivore 3, speed 1, shaggy fur 1, slow metabolism 1, sharp paws
a: no special abilities


You were on level 3 of the Dungeon.
You were completely stuffed.

You visited 1 branch of the dungeon, and saw 3 of its levels.

You collected 127 gold pieces.

Inventory:

Missiles
 b - 45 stones
Armour
 n - a +0 pair of boots
Jewellery
 e - a cursed ring of teleportation {unknown}
 p - an uncursed ring of stealth {unknown}
 q - an uncursed ring of protection from magic {unknown}
Scrolls
 a - a scroll of remove curse {unknown}
 f - a scroll of amnesia {unknown}
 g - 2 scrolls of magic mapping {unknown}
 m - a scroll of enchant weapon {unknown}
Potions
 i - a potion of might
 j - a potion of haste {@q3}
 k - a potion of agility
 o - a potion of flight {unknown}
Books
 d - a book of Geomancy

   Spells                             Type                      Level
   a - Sandblast                      Earth                        1
   b - Passwall                       Transmutation/Earth          2
   c - Stone Arrow                    Conjuration/Earth            3
   d - Petrify                        Transmutation/Earth          4
   e - Lee's Rapid Deconstruction     Earth                        5
Comestibles
 c - 2 meat rations {@e1}
 h - a chunk of flesh


   Skills:
 - Level 2.6 Dodging
 + Level 5.2 Stealth
 * Level 3.2 Unarmed Combat
 - Level 2.0 Spellcasting
 - Level 1.1 Transmutations
 + Level 3.4 Earth Magic


You had 5 spell levels left.
You knew the following spells:

 Your Spells              Type           Power        Failure   Level  Hunger
w - Passwall              Tmut/Erth      #.........   12%         2    ###....
z - Sandblast             Erth           ##....       4%          1    #......


Dungeon Overview and Level Annotations

Branches:
Dungeon (3/15)

Altars:
Ashenzari
Okawaru


Innate Abilities, Weirdness & Mutations

You cannot wear armour.
You are incapable of wielding weapons or throwing items.
Your paws allow you to move quietly. (Stealth)
You have sharp claws.
You have razor-sharp teeth.
You have supernaturally acute eyesight. (SInv)
You are carnivorous and can eat meat at any time.
You cover ground quickly.
You are covered in fur. (AC +1)
You have a slow metabolism.
Your sharp claws are effective at attacking unaware monsters.


Message History

The blast of sand hits the orc.
You kill the orc!
b - 45 stones The frilled lizard hisses angrily.
Your mouth is now empty.
You barely miss the frilled lizard. The frilled lizard bites you.
* * * LOW HITPOINT WARNING * * *
You closely miss the frilled lizard. The frilled lizard barely misses you.
You closely miss the frilled lizard. You claw the frilled lizard!
You kill the frilled lizard!
You see here a frilled lizard corpse.
You butcher the frilled lizard corpse.
h - a chunk of flesh Unknown command.
You start resting.
Magic restored.
You start resting.
HP restored.
Are you sure you want to abandon this character and quit the game? (Confirm with "yes".)

.░░░.░░░░░░░..............░......
░)..░░ ░░░░░░.░░░░..░.░.░....
░░░░░ ░.......░.░......
░░░░░...)...░░░.. ░.░.░.░......
░░░░░░░░░ ░░░░░.░.░..░░░░░.
........░░░░░░░░░...........░ ░.
░░░░░░░.......).......).....░ ░.
░░░░░░░..░░░░░░░.░░░░.░.░...░░░░.
.........░░░░░░░h░ ░.░.........░
░......<.).)...░.░ ░.░░.......░░
░.░░░░...░░░░░.░.░ ░.░░░.░.░░.░
░.░░░░...░ ░.░ ░░.░░░......░░
░........░ ░➘░░░...░....░.░.░
░..░░░.░.░ .░............░.░..
░.░......░░░...░░░░░...░...░░....
░..░░░.░░........ ░░>░░░.░░░.░░░
...░░░.░░........ ░..➘░░.....░░░
░...░░.░░.....o.. ░..........░.░


There were no monsters in sight!

Vanquished Creatures
  Jessica (D:2)
  An orc wizard (D:3)
  4 gnolls (D:2)
  2 adders (D:2)
  2 oozes
  2 worms
  A dart slug (D:2)
  2 leopard geckos (D:2)
  6 orcs
  3 bats
  3 giant cockroaches
  4 goblins
  2 hobgoblins
  2 jackals (D:1)
  7 kobolds
  A quokka (D:2)
  A ball python (D:2)
  4 frilled lizards
  7 rats
55 creatures vanquished.

Notes
Turn   | Place    | Note
-------+----------+-------------------------------------------
     0 | D:1      | utis the Felid Earth Elementalist began the quest for the Orb.
     0 | D:1      | Reached XP level 1. HP: 7/7 MP: 4/4
   228 | D:1      | Reached skill level 3 in Stealth
   803 | D:1      | Reached XP level 2. HP: 9/11 MP: 6/6
  1041 | D:1      | Reached skill level 1 in Unarmed Combat
  1205 | D:1      | Learned a level 2 spell: Passwall
  1713 | D:2      | Reached XP level 3. HP: 14/14 MP: 7/7
  1869 | D:2      | Found an iron altar of Okawaru.
  1884 | D:2      | Reached skill level 4 in Stealth
  2239 | D:2      | Upgraded the game from 0.21-a0-184-g9126a74 to 0.21-a0-185-g3a6ed1e
  2692 | D:2      | Found a shattered altar of Ashenzari.
  3342 | D:2      | Reached XP level 4. HP: 15/18 MP: 6/8
  3747 | D:2      | Noticed Jessica
  3758 | D:2      | Killed Jessica
  4286 | D:2      | Reached XP level 5. HP: 21/21 MP: 9/9
  4486 | D:3      | Reached skill level 5 in Stealth
  5270 | D:3      | Quit the game

Vault maps used:
D:1:      onia_arrival_larder
D:2:      lemuel_doored_altar, lemuel_round_altar, uniq_jessica

Skill      XL: |  1  2  3  4  5 |
---------------+----------------+-----
Stealth        | 3 4 5 |  5.2
Unarmed Combat | 1 2 3 |  3.2
Earth Magic    | 3 |  3.4
Dodging        | |  2.6
Spellcasting   | |  2.0
Transmutations | |  1.1

Action                   |  1- 3 |  4- 6 || total
-------------------------+-------+-------++-------
Melee: Unarmed           |   149 |    85 ||   234
       Bite              |    11 |    14 ||    25
       Punch             |     1 |       ||     1
 Cast: Sandblast         |     6 |    20 ||    26
  Use: Potion            |     1 |       ||     1
       Scroll            |       |     2 ||     2
 Stab: Sleeping          |     7 |     1 ||     8
       Distracted        |     1 |     1 ||     2
  Eat: Chunk             |    12 |     4 ||    16
Armor: Skin              |     3 |     3 ||     6
Dodge: Dodged            |   117 |    49 ||   166
